 Dungeon Crawl Stone Soup version 0.24-a0-290-gbb66a67 (webtiles) character file.

Game seed: 16111157414247031225

77 Mgcat the Skirmisher (level 4, 0/37 HPs)
             Began as a Mummy Monk on May 8, 2019.
             Slain by a gnoll (8 damage)
             ... on level 2 of the Dungeon.
             The game lasted 00:03:55 (2251 turns).

Mgcat the Skirmisher (Mummy Monk)                   Turns: 2251, Time: 00:03:55

Health: 0/37       AC:  2    Str: 15    XL:     4   Next: 13%
Magic:  4/4        EV: 13    Int:  9    God:
Gold:   86         SH:  0    Dex: 14    Spells: 3/3 levels left

rFire    x . .     SeeInvis .     - Unarmed
rCold    + . .     Gourm    .   (no shield)
rNeg     + + +     Faith    .   (no armour)
rPois    ∞         Spirit   .   h - +0 helmet
rElec    .         Reflect  .   (no cloak)
rCorr    .         Harm     .   (no gloves)
MR       .....                  a - +0 pair of boots
Stlth    ++........             (no amulet)
HPRegen  0.12/turn              (no ring)
MPRegen  0.09/turn              (no ring)

@: no status effects
A: no food or potions, fire vulnerability, cold resistance 1, negative energy
resistance 3, torment resistance, unbreathing
a: no special abilities


You were on level 2 of the Dungeon.
You were not hungry.

You visited 1 branch of the dungeon, and saw 2 of its levels.

You collected 86 gold pieces.

Inventory:

Armour
 a - a +0 pair of boots (worn)
   (You found it on level 1 of the Dungeon)
 h - a +0 helmet (worn)
   (You found it on level 2 of the Dungeon)
Scrolls
 b - a scroll of fog {unknown}
 c - a scroll of amnesia {unknown}
 d - 2 scrolls of remove curse
 e - a scroll of blinking {unknown}
 f - a scroll of magic mapping {unknown}
 g - a scroll of immolation {unknown}
 i - 2 scrolls of identify {unknown}


   Skills:
 + Level 3.7 Fighting
 - Level 2.4 Dodging
 + Level 2.5 Stealth
 + Level 3.1 Unarmed Combat


You had 3 spell levels left.
You didn't know any spells.
Your spell library was empty.

Dungeon Overview and Level Annotations

Branches:
Dungeon (2/15)

Altars:

Annotations:
D:2 exclusions: 2 goblins and 13 more exclusions, Jessica


Innate Abilities, Weirdness & Mutations

You do not eat or drink.
Your flesh is vulnerable to fire.
You are immune to poison.
Your flesh is cold resistant. (rC+)
You are immune to negative energy. (rN+++)
You are immune to unholy pain and torment.
You can survive without breathing.


Message History

Lua error: [string "/dgldir/rcfiles/crawl-git/Mgcat.rc"]:930: invalid capture index Lua error: [string "/dgldir/rcfiles/crawl-git/Mgcat.rc"]:930: invalid capture index Spoiler Alert: The gnoll (sleeping) can hit for moderate damage in melee, and throws nets!
Lua error: [string "/dgldir/rcfiles/crawl-git/Mgcat.rc"]:930: invalid capture index Lua error: [string "/dgldir/rcfiles/crawl-git/Mgcat.rc"]:930: invalid capture index Lua error: [string "/dgldir/rcfiles/crawl-git/Mgcat.rc"]:930: invalid capture index Lua error: [string "/dgldir/rcfiles/crawl-git/Mgcat.rc"]:930: invalid capture index Lua error: [string "/dgldir/rcfiles/crawl-git/Mgcat.rc"]:930: invalid capture index The gnoll shouts!
You hear a shout! x2
Spoiler Alert: The gnoll can hit for moderate damage in melee, and throws nets!
A gnoll comes into view.
Warning x2: The gnoll can hit for moderate damage in melee, and throws nets! x2
A bat comes into view.
The bat moves out of view.
The bat misses you. The bat closely misses you. The bat barely misses you.
The bat closely misses you. The bat barely misses you.
The bat closely misses you. The bat completely misses you.
You hit the bat.
You kill the bat!
You start waiting.
The gnoll is too close now for your liking.
Spoiler Alert: The gnoll can hit for moderate damage in melee, and throws nets!
Warning x2: The gnoll can hit for moderate damage in melee, and throws nets! x2
You hit the gnoll but do no damage. You punch the gnoll.
The gnoll is moderately wounded.
The gnoll closely misses you.
You hit the gnoll but do no damage.
The gnoll is moderately wounded.
The gnoll barely misses you.
Warning x2: The gnoll can hit for moderate damage in melee, and throws nets! x2
You barely miss the gnoll.
The gnoll is moderately wounded.
The gnoll hits you with a +0 whip.
You take 4 damage, and have 26/30 hp.
You hit the gnoll but do no damage.
The gnoll is moderately wounded.
The gnoll completely misses you.
Warning x2: The gnoll can hit for moderate damage in melee, and throws nets! x2
You hit the gnoll.
The gnoll is severely wounded.
The gnoll barely misses you.
You hit the gnoll.
The gnoll is almost dead.
The gnoll hits you with a +0 whip.
You take 4 damage, and have 22/30 hp.
Warning x2: The gnoll can hit for moderate damage in melee, and throws nets! x2
You are too injured to fight recklessly!
You are too injured to fight recklessly!
You are too injured to fight recklessly!
You are too injured to fight recklessly!
You are too injured to fight recklessly!
You barely miss the gnoll.
The gnoll is almost dead.
The gnoll hits you with a +0 whip!
You take 8 damage, and have 14/30 hp.
MASSIVE DAMAGE!!
Warning x2: The gnoll can hit for moderate damage in melee, and throws nets! x2
You hit the gnoll.
You kill the gnoll!
You have reached level 4!
You regained 4 hp, and now have 18/37 hp.
MP restored: 4 Unknown command.
Spoiler Alert: The gnoll can hit for moderate damage in melee, and throws nets!
You hit the gnoll but do no damage. You barely miss the gnoll.
The gnoll hits you.
You take 5 damage, and have 13/37 hp.
You punch the gnoll!
The gnoll is heavily wounded.
The gnoll hits you but does no damage.
Spoiler Alert: The gnoll can hit for moderate damage in melee, and throws nets!
You hit the gnoll but do no damage.
The gnoll is heavily wounded.
The gnoll misses you.
You barely miss the gnoll.
The gnoll is heavily wounded.
The gnoll closely misses you.
Spoiler Alert: The gnoll can hit for moderate damage in melee, and throws nets!
You hit the gnoll but do no damage.
The gnoll is heavily wounded.
The gnoll barely misses you.
You barely miss the gnoll.
The gnoll is heavily wounded.
The gnoll hits you but does no damage.
Spoiler Alert: The gnoll can hit for moderate damage in melee, and throws nets!
You closely miss the gnoll.
The gnoll is heavily wounded.
The gnoll hits you.
* * * LOW HITPOINT WARNING * * *
You take 5 damage, and have 9/37 hp.
You hit the gnoll.
The gnoll is severely wounded.
The gnoll hits you.
* * * LOW HITPOINT WARNING * * *
You take 1 damage, and have 8/37 hp.
Spoiler Alert: The gnoll can hit for moderate damage in melee, and throws nets!
You hit the gnoll.
The gnoll is severely wounded.
The gnoll hits you!
You die...

##########.....####............#.
#.....# #...........## # #.....#
#....!......# #
#.....####...........# #
########....................# #
#............###............# #
#.#####.#....###....#####.###
###.# #.#......#....# #.# ##
.##.# #.#....#@#....# #.....
.##.# #.#....#g#.#### ##....
.##.#####.#....#.#.#########....
.....................g.g........
...############..#.####.....##.
..........#####..#.# #.....#
....#####........#.####.....#
....# #######.##....#.)...# ....#
#.#####.#.....#


You could see a gnoll.

Vanquished Creatures
  Robin (D:2)
  2 gnolls (D:2)
  4 dart slugs (D:1)
  2 leopard geckos (D:1)
  A giant cockroach (D:1)
  7 goblins
  7 hobgoblins
  A ball python (D:2)
  3 bats
  2 frilled lizards (D:1)
  3 kobolds
  5 rats
38 creatures vanquished.

Notes
Turn   | Place    | Note
-------+----------+-------------------------------------------
     0 | D:1      | Mgcat the Mummy Monk began the quest for the Orb.
     0 | D:1      | Reached XP level 1. HP: 18/18 MP: 1/1
   202 | D:1      | Reached XP level 2. HP: 24/24 MP: 2/2
   269 | D:1      | Reached skill level 2 in Stealth
  1059 | D:1      | Reached XP level 3. HP: 27/29 MP: 3/3
  1255 | D:2      | Noticed Robin
  1279 | D:2      | HP: 3/29 [Robin/+0 club (6)]
  1280 | D:2      | Killed Robin
  1280 | D:2      | Reached skill level 3 in Unarmed Combat
  2005 | D:2      | Noticed Jessica
  2241 | D:2      | Reached XP level 4. HP: 18/37 MP: 4/4
  2249 | D:2      | HP: 9/37 [gnoll (5)]
  2251 | D:2      | Slain by a gnoll

Levels and vault maps discovered:
D:1:      eino_arrival_tree_alley, layout_basic
D:2:      layout_basic, kennysheep_okawaru_gauntlet, uniq_jessica, uniq_terence,
          uniq_robin

Skill      XL: |  1  2  3 |
---------------+----------+-----
Stealth        | 2 |  2.5
Unarmed Combat | 3 |  3.1
Fighting       | |  3.7
Dodging        | |  2.4

Action                   |  1- 3 |  4- 6 || total
-------------------------+-------+-------++-------
Melee: Unarmed           |   139 |    10 ||   149
       Punch             |     3 |       ||     3
  Use: Scroll            |     1 |       ||     1
 Stab: Sleeping          |     3 |       ||     3
Armor: Robe              |     5 |       ||     5
       Skin              |     2 |     2 ||     4
Dodge: Dodged            |    84 |     3 ||    87

Table legend:
 A = Non-vault XP
 B = Vault XP
 C = Vault XP percentage of total XP
 D = Non-vault monster count
 E = Vault monster count
 F = Vault count percentage of total count
                 A         B        C        D         E       F
            +---------+---------+-------+---------+---------+-------
      Total |      83 |      27 |  24.5 |      31 |       7 |  18.4
            +---------+---------+-------+---------+---------+-------
        D:1 |      46 |       0 |   0.0 |      21 |       0 |   0.0
        D:2 |      37 |      27 |  42.2 |      10 |       7 |  41.2
            +---------+---------+-------+---------+---------+-------

Levels and vault maps discovered:
D:1:      eino_arrival_tree_alley, layout_basic
D:2:      layout_basic, kennysheep_okawaru_gauntlet, uniq_jessica, uniq_terence,
          uniq_robin

Table legend:
 A = Turns spent in this place as a percentage of turns spent in the entire game.
 B = Non-inter-level travel turns spent in this place as a percentage of non-inter-level travel turns spent in the entire game.
 C = Inter-level travel turns spent in this place as a percentage of turns spent in this place.
 D = Turns resting spent in this place as a percentage of non-inter-level travel turns spent in this place.
 E = Turns spent auto-exploring this place as a percentage of non-inter-level travel turns spent in this place.
 F = Non-inter-level travel turns spent in this place divided by the number of levels of this place that you've seen.
                   A       B       C       D       E      F
               +-------+-------+-------+-------+-------+----------------------
         Total | 100.0 | 100.0 |   4.3 |  41.0 |  39.9 | 1077.5
       Dungeon | 100.0 | 100.0 |   4.3 |  41.0 |  39.9 | 1077.5
               +-------+-------+-------+-------+-------+----------------------

Table legend:
 A = Kills in this place as a percentage of kills in entire the game.
 B = Kills by you in this place as a percentage of kills by you in the entire game.
 C = Kills by friends in this place as a percentage of kills by friends in the entire game.
 D = Other kills in this place as a percentage of other kills in the entire game.
 E = Experience gained in this place as a percentage of experience gained in the entire game.
 F = Experience gained in this place divided by the number of levels of this place that you have seen.
                   A       B       C       D       E      F
               +-------+-------+-------+-------+-------+----------------------
         Total | 100.0 | 100.0 |   N/A |   N/A | 100.0 |  55.0
       Dungeon | 100.0 | 100.0 |   N/A |   N/A | 100.0 |  55.0
               +-------+-------+-------+-------+-------+----------------------
